 Dungeon Crawl Stone Soup version 0.29.0 (webtiles) character file.

Game seed: 13586884956893578771

473 imdaedric the Conjurer (level 6, -2/32 HPs)
             Began as a Deep Elf Conjurer on Aug 24, 2022.
             Killed from afar by a steam dragon (13 damage)
             ... with a ball of steam
             ... on level 4 of the Dungeon.
             The game lasted 00:06:32 (4494 turns).

imdaedric the Conjurer (Deep Elf Conjurer)          Turns: 4494, Time: 00:06:33

Health: -2/32      AC:  3    Str:  4    XL:     6   Next: 84%
Magic:  4/15       EV: 13    Int: 25    God:
Gold:   172        SH:  5    Dex: 13    Spells: 11/14 levels left

rFire   . . .      SeeInvis .   d - +0 short sword
rCold   . . .      Faith    .   (no shield)
rNeg    . . .      Spirit   .   a - +0 robe
rPois   .          Reflect  +   (no helmet)
rElec   .          Harm     .   (no cloak)
rCorr   .          Rampage  .   g - +0 pair of gloves
Will    .....                   (no boots)
Stlth   +++.......              j - amulet of reflection
HPRegen 0.10/turn               (no ring)
MPRegen 0.14/turn               (no ring)

@: no status effects
A: no striking features
a: no special abilities


You were on level 4 of the Dungeon.
You visited 1 branch of the dungeon, and saw 4 of its levels.

You collected 172 gold pieces.

Inventory:

Hand Weapons
 d - a +0 short sword (weapon)
Armour
 a - a +0 robe (worn)
 g - a +0 pair of gloves (worn)
Jewellery
 j - an amulet of reflection (around neck)
 m - an amulet of the acrobat
Scrolls
 h - a scroll of magic mapping
 k - a scroll of enchant weapon {unknown}
 n - a scroll of fog
Potions
 b - a potion of magic
 c - 2 potions of invisibility {unknown}
 e - 5 potions of curing
 f - 2 potions of mutation {unknown}
 i - a potion of flight {unknown}
 l - a potion of cancellation {unknown}
 o - 2 potions of attraction {unknown}


   Skills:
 * Level 4.3 Dodging
 * Level 4.5 Stealth
 * Level 4.9 Spellcasting
 * Level 5.5 Conjurations
 * Level 3.1 Hexes
 * Level 2.7 Translocations


You had 11 spell levels left.
You knew the following spells:

 Your Spells              Type           Power      Damage    Failure   Level
a - Magic Dart            Conj           100%       1d8       1%          1
z - Searing Ray           Conj           66%        2d6       1%          2

Your spell library contained the following spells:

 Spells                   Type           Power      Damage    Failure   Level
 Dazzling Flash           Conj/Hex       54%        N/A       4%          3
 Fulminant Prism          Conj/Hex       13%        3d9       14%         4
 Iskenderun's Mystic Bla  Conj/Tloc      26%        2d7       16%         4


Dungeon Overview and Level Annotations

Branches:
Dungeon (4/15)
 Temple: D:4-7

Altars:
Ru

Shops:
D:2 [


Message History

The orc is lightly wounded.
A steam dragon comes into view.
Casting: Magic Dart (safe; 1% risk of failure)
Confirm with . or Enter, or press ? or * to list all spells.
Aiming: Searing Ray (safe; 1% risk of failure)
Press: ? - help, Shift-Dir - straight line, f/p - orc
Aim: an orc, wielding a +0 dagger, wearing a +0 ring mail and quivering boomerangs (lightly wounded, 83% to hit)
The searing ray hits the orc.
The orc is moderately wounded. (Press . to maintain the ray.)
The steam dragon hisses angrily.
The orc priest mumbles some strange prayers to Beogh against you.
Beogh smites you!
The searing ray misses the orc.
The searing ray hits the orc.
The orc is heavily wounded.
A goblin comes into view. It is wielding a +3 spear.
The searing ray hits the orc!
You kill the orc!
Casting: Searing Ray (safe; 1% risk of failure)
Confirm with . or Enter, or press ? or * to list all spells.
Restarting spell: Searing Ray (safe; 1% risk of failure)
Press: ? - help, Shift-Dir - straight line, f - orc
Aim: an orc, wielding a +0 morningstar (moderately wounded, 81% to hit)
The searing ray hits the orc.
The orc is almost dead.
The searing ray misses the orc.
The searing ray hits the steam dragon.
The steam dragon is lightly wounded. (Press . to maintain the ray.)
The goblin shouts!
The orc priest mumbles some strange prayers to Beogh against you.
Beogh smites you!
The searing ray hits the orc!
You kill the orc!
The searing ray hits the orc.
The orc is almost dead.
The steam dragon breathes steam at you.
The ball of steam hits the orc!!
The orc dies!
The ball of steam hits you!
You die...

.##..# .##..#
.####.#...## ..#..##
..#....#..# ..##..##
..#........ .. ##..#
.......... . #..#
#........ ##..#
#......
#..##.######...###...
##..#
....>...@....$..
#..##
..#####.#§.##... #..#
#.#§.# #..# ##.#D)#
##..# ###..##.# #..##
#...## o# ##..#..
##.### g# #..##...#
#..# .. ..##....#
#.##


There were no monsters in sight!

Vanquished Creatures
  Sigmund (D:2)
  2 phantoms
  An orc priest (D:3)
  An iguana (D:4)
  An adder (D:3)
  An ufetubus (D:4)
  A dart slug (D:1)
  16 orcs
  4 ball pythons
  9 endoplasms
  5 giant cockroaches
  7 goblins
  6 hobgoblins
  3 jackals (D:1)
  7 kobolds
  4 quokkas
  7 bats
  A frilled lizard (D:1)
  7 rats
84 creatures vanquished.

Vanquished Creatures (others)
  An orc (D:4)
1 creature vanquished.

Grand Total: 85 creatures vanquished

Notes
Turn   | Place    | Note
-------+----------+-------------------------------------------
     0 | D:1      | imdaedric the Deep Elf Conjurer began the quest for the
                  | Orb.
     0 | D:1      | Reached XP level 1. HP: 10/10 MP: 6/6
   614 | D:1      | Reached XP level 2. HP: 15/15 MP: 5/8
   621 | D:1      | Learned a level 2 spell: Searing Ray
  1104 | D:1      | Reached XP level 3. HP: 19/19 MP: 0/10
  1916 | D:2      | Noticed Sigmund
  1929 | D:2      | Killed Sigmund
  1930 | D:2      | Reached skill level 5 in Conjurations
  1930 | D:2      | Reached skill level 1 in Translocations
  1930 | D:2      | Reached XP level 4. HP: 24/24 MP: 3/12
  1930 | D:2      | Reached XP level 5. HP: 28/28 MP: 3/13
  2007 | D:2      | Found a faded altar of an unknown god.
  2627 | D:2      | Found Defurph's Antique Armour Boutique.
  2830 | D:3      | Noticed a phantom
  2835 | D:3      | Killed a phantom
  2836 | D:3      | Reached XP level 6. HP: 32/32 MP: 7/14
  4453 | D:4      | Found a sacrificial altar of Ru.
  4489 | D:4      | Noticed a steam dragon
  4494 | D:4      | Killed from afar by a steam dragon

Illustrated notes

Levels and vault maps discovered:
D:1:      dpeg_arrival_concentric_ovals, layout_basic, minmay_ruptured
D:2:      layout_basic, serial_shops, nicolae_lakefront_shop,
          ebering_ecumenical_altar_rust, corexii_item_surrounded_by_moat,
          st_stairs_14, uniq_sigmund
D:3:      layout_basic, kennysheep_nub
D:4:      layout_rooms, mainiacjoe_overflow_catch_the_wave,
          nicolae_ossuary_entry_plus

Skill      XL: |  1  2  3  4  5  6 |
---------------+-------------------+-----
Stealth        | 3 4 |  4.5
Dodging        | 3 4 |  4.3
Spellcasting   | 4 |  4.9
Conjurations   | 5 |  5.5
Hexes          | 2 3 |  3.1
Translocations | 1 2 |  2.7

Action                   |  1- 3 |  4- 6 || total
-------------------------+-------+-------++-------
Melee: Unarmed           |     1 |       ||     1
 Cast: Magic Dart        |    47 |    74 ||   121
       Searing Ray       |    10 |    18 ||    28
  Use: Scroll            |     1 |     4 ||     5
Armor: Robe              |     7 |       ||     7
Dodge: Dodged            |    23 |     9 ||    32
Block: Other             |       |     3 ||     3
